 Dungeon Crawl Stone Soup version 0.17-a0-913-g36eb389 (webtiles) character file.

101490 hornqvist the Severer (level 16, -2/109 HPs)
             Began as a Formicid Fighter on May 3, 2015.
             Was an Initiate of Gozag.
             Engulfed by an ice statue's freezing vapour (18 damage)
             ... in an ice cave.
             The game lasted 00:38:19 (28204 turns).

hornqvist the Severer (Formicid Fighter)           Turns: 28204, Time: 00:38:19

Health: -2/109     AC: 21    Str: 37    XL:     16   Next: 83%
Magic:  16/16      EV: 27    Int: 12    God:    Gozag
Gold:   1906       SH: 19    Dex: 15    Spells: 0 memorised, 15 levels left

rFire  + . .     SeeInvis +     S - +3 battleaxe (venom)
rCold  . . .     Clarity  .     P - +5 scale mail of Greed {Str+3 Int+2 Dex+5}
rNeg   . . .     SustAb   .     r - +1 shield {rF+}
rPois  .         Gourm    .     (helmet unavailable)
rElec  .         Spirit   .     L - +2 cloak {MR+}
rCorr  .         Warding  .     i - +2 pair of gloves {Str+3}
rMut   .         Stasis   +     u - +0 pair of boots (curse)
MR     ++...                    v - amulet of faith
Stlth  ..........               E - +5 ring of strength
                                O - ring of Shaolin {EV+8}

@: studying Polearms, very resistant to hostile enchantments, extremely
unstealthy
A: permanent stasis, dig shafts and tunnels, four strong arms, antennae 3,
talons 1, large bone plates 1
a: Dig, Shaft Self, Potion Petition, Call Merchant, Bribe Branch, Renounce
Religion


You were in an ice cave.
You worshipped Gozag.
Gozag was noncommittal.
You were not hungry.

You visited 5 branches of the dungeon, and saw 29 of its levels.
You also visited: Bailey and Ice Cave.

You collected 11013 gold pieces.
You spent 3218 gold pieces at shops.
You paid 5889 gold pieces to Gozag.

Inventory:

Hand weapons
 H - the +10 hammer "Voloa" {drain, Stlth+}
   (You found it on level 6 of the Dungeon)

   A truly terrible weapon, it drains the life of those it strikes.
   It makes you more stealthy.
 S - a +3 battleaxe of venom (weapon)
Armour
 i - a +2 pair of gloves of strength (worn)
 r - a +1 shield of fire resistance (worn)
 u - a cursed +0 pair of boots (worn)
 L - a +2 cloak of magic resistance (worn)
 P - the +5 scale mail of Greed (worn) {Str+3 Int+2 Dex+5}
   (You bought it in a shop on level 10 of the Dungeon)

   It affects your strength (+3).
   It affects your intelligence (+2).
   It affects your dexterity (+5).
Jewellery
 p - an uncursed ring of protection from fire
 s - an uncursed amulet of regeneration
 t - an uncursed amulet of resist mutation
 v - an amulet of faith (around neck)
 E - a +5 ring of strength (right hand)
 O - the ring of Shaolin (left hand) {EV+8}
   (You bought it in a shop on level 9 of the Dungeon)

   [ring of evasion]

   It affects your evasion (+8).
 Y - an uncursed ring of positive energy
Magical devices
 m - a wand of heal wounds (1)
 y - a wand of teleportation (3)
Scrolls
 a - a scroll of brand weapon
 b - 3 scrolls of enchant armour
 h - a scroll of torment
 k - 5 scrolls of noise
 o - 2 scrolls of recharging
 w - a scroll of magic mapping
 x - 4 scrolls of identify
 G - a scroll of fear
 I - 4 scrolls of immolation
 J - 7 scrolls of remove curse
 K - 4 scrolls of enchant weapon
 T - 2 scrolls of amnesia
Potions
 c - 2 potions of cancellation
 d - 2 potions of might
 f - 5 potions of curing
 g - 5 potions of agility
 j - a potion of berserk rage {unknown}
 l - a potion of magic
 n - 5 potions of flight
 q - a potion of heal wounds
 z - a potion of cure mutation
 C - 3 potions of brilliance
 F - a potion of ambrosia
 R - 4 potions of resistance
Books
 M - a manual of Polearms
Comestibles
 e - 6 bread rations
 D - 6 meat rations


   Skills:
 + Level 5.3 Fighting
 * Level 19.0 Axes
 - Level 3.2 Armour
 - Level 12.7 Dodging
 + Level 16.6 Shields


You had 15 spell levels left.
You didn't know any spells.

Dungeon Overview and Level Annotations

Branches:
Dungeon (14/15) Temple (1/1) D:5 Lair (8/8) D:11 Swamp (0/4) Lair:3 Lair:4 Snake (0/4) Lair:3 Slime (0/6) Lair:8 Orc (4/4) D:10 Elf (2/3) Orc:3 Vaults: D:13-14

Altars:
Ashenzari
Cheibriados
Dithmenos
Elyvilon
Fedhas
Gozag
Kikubaaqudgha
Okawaru
Qazlal
Ru
Trog
Vehumet
Xom
Zin
The Shining One
Beogh
Jiyva

Shops:
D:8 %   D:9 =   D:10 ![   D:11 (   D:12 ?   D:13 ?   D:15 [   Orc:1 :
Orc:4 :*[(*   Vaults:2 [   Depths:1 [

Annotations:
IceCv exclusion: ice statue


Innate Abilities, Weirdness & Mutations

You are under a permanent stasis effect.
You can dig through walls and to a lower floor.
Your four strong arms can wield two-handed weapons with a shield.
You have a pair of large antennae on your head (SInv).
You have sharp toenails.
You are partially covered in large bone plates (AC +2, SH +2).


Message History

The freezing blast misses you.
Found a runed ring mail.
You take 10 damage, and have 79/109 hp.
You slice the ice statue!!
You are engulfed in freezing vapours.
You take 1 damage, and have 78/109 hp.
You hit the ice statue.
You are engulfed in freezing vapours.
The ice statue throws cold at you. The freezing blast misses you.
You hit the ice statue but do no damage.
You are engulfed in freezing vapours.
You take 18 damage, and have 60/109 hp.
You completely miss the ice statue.
You are engulfed in freezing vapours.
* * * LOW HITPOINT WARNING * * *
The ice statue throws ice at you. The shard of ice hits you!
* * * LOW HITPOINT WARNING * * *
You take 44 damage, and have 16/109 hp.
MASSIVE DAMAGE!!
You hit the ice statue but do no damage.
You are engulfed in freezing vapours.
You die...
Your body crumbles into a pile of gold.

##### ##...### ##
#......## # §
#..##...## §#§
#...##...### #Y###
##..####...####.§§#
#...####...##.8§#
#....# #..##.§@#
#∩..####..###§.#
##..∩##..####§.#
#####.(...#..## {
##.#...### {
####### { { $


You could see an ice statue and an ice beast.

Vanquished Creatures
  Gastronok (D:11)
  An orc warlord (Orc:4)
  Harold (D:10)
  5 hydras
  4 catoblepae (Lair:8)
  3 tengu warriors (D:13)
  3 centaur warriors
  12 death yaks (Lair:8)
  3 orc high priests
  Urug (D:11)
  5 deep elf knights
  8 deep elf summoners
  An unseen horror (D:13)
  A necromancer (Lair:5)
  3 ice devils
  Pikel (D:6)
  3 orc knights (Orc:4)
  3 deep elf conjurers (Elf:1)
  4 orc sorcerers
  A manticore (D:11)
  2 griffons
  A cyclops (Orc:4)
  3 oklob plants (Lair:7)
  A rust devil (Orc:3)
  20 elephants
  Maurice (D:10)
  17 spiny frogs
  Psyche (D:10)
  7 black mambas
  3 demonic crawlers (Elf:1)
  9 komodo dragons
  A hellwing (Orc:3)
  2 fire drakes
  8 deep elf priests
  3 freezing wraiths (IceCv)
  A jumping spider (Elf:1)
  9 blink frogs
  A blue devil (Orc:3)
  A troll (Orc:3)
  3 polar bears
  9 ravens
  4 slime creatures (D:13)
  A boulder beetle (Lair:8)
  A trapdoor spider (D:12)
  11 redbacks (Elf:1)
  4 basilisks
  A water elemental (D:13)
  12 deep elf fighters
  18 deep elf magi
  4 tarantellas (Elf:1)
  A vampire (D:12)
  Eustachio (D:6)
  A wraith (D:11)
  53 yaks
  A warg (Orc:3)
  2 steam dragons
  9 hippogriffs
  5 hungry ghosts
  A chaos spawn (Orc:4)
  A mottled dragon (D:11)
  3 wyverns
  Menkaure (D:7)
  3 vampire mosquitoes (Lair:3)
  11 wolves
  2 nagas (Lair:3)
  5 porcupines
  16 water moccasins
  7 ogres
  3 sky beasts
  A slave (D:6)
  6 ice beasts
  2 black bears
  A necrophage (D:7)
  32 orc warriors
  6 spiders
  3 phantoms
  An eye of draining (D:10)
  21 crocodiles
  12 centaurs
  2 boring beetles (D:10)
  13 giant frogs
  Blork the orc (D:6)
  11 big kobolds
  A water moccasin zombie (D:6)
  2 scorpions (D:6)
  12 killer bees
  A troll zombie (D:10)
  9 electric eels
  2 quasits
  6 hounds
  12 wights
  A goliath beetle (D:10)
  2 centaur skeletons
  3 centaur zombies
  9 crimson imps
  2 giant frog zombies
  37 orc wizards
  Crazy Yiuf (D:6)
  25 orc priests
  3 jellies
  5 hell rats (Elf:1)
  A giant frog skeleton (D:11)
  10 iguanas
  13 worker ants
  5 wolf simulacra (Lair:5)
  6 polar bear simulacra
  5 ogre zombies (D:10)
  A yak simulacrum (Lair:5)
  28 sheep
  A hound skeleton (D:5)
  2 worker ant zombies
  14 adders
  A naga simulacrum (IceCv)
  69 river rats
  3 shadow imps
  7 gnolls
  A white imp (IceCv)
  3 oozes
  3 adder skeletons
  2 worms
  2 giant geckos
  187 orcs
  2 ball pythons (D:5)
  A bat skeleton (D:7)
  16 hobgoblins
  16 jackals
  5 quokkas
  15 bats
  7 giant cockroaches
  A giant gecko skeleton (D:4)
  2 giant newts
  18 goblins
  A goblin skeleton (D:8)
  3 goblin zombies (D:10)
  2 hobgoblin skeletons (D:10)
  2 hobgoblin zombies (D:8)
  42 kobolds
  A kobold skeleton (D:8)
  2 kobold zombies (D:8)
  An orc skeleton (D:10)
  15 orc zombies
  18 rats
  4 ballistomycetes
  A bush (Lair:8)
  11 fungi
  13 plants
1157 creatures vanquished.

Vanquished Creatures (others)
  An orc (Orc:4)
  2 kobolds (D:10)
  2 giant spores
  9 fungi
  2 plants (Lair:8)
16 creatures vanquished.

Grand Total: 1173 creatures vanquished

Notes
Turn   | Place    | Note
--------------------------------------------------------------
     0 | D:1      | hornqvist, the Formicid Fighter, began the quest for the Orb.
     0 | D:1      | Reached XP level 1. HP: 18/18 MP: 1/1
   188 | D:1      | Reached XP level 2. HP: 21/24 MP: 2/2
   716 | D:2      | Reached skill level 4 in Shields
   931 | D:2      | Reached XP level 3. HP: 22/29 MP: 3/3
  1041 | D:2      | Reached skill level 1 in Dodging
  1424 | D:2      | Reached XP level 4. HP: 35/35 MP: 4/4
  1692 | D:3      | Reached XP level 5. HP: 22/41 MP: 5/5
  1704 | D:3      | Found a glowing silver altar of Zin.
  1756 | D:3      | Found an iron altar of Okawaru.
  1783 | D:3      | Found a shimmering altar of Xom.
  2449 | D:4      | Reached XP level 6. HP: 41/47 MP: 6/6
  2488 | D:4      | Reached skill level 5 in Shields
  2510 | D:4      | Got a scorched scale mail
  2514 | D:4      | Noticed a phantom
  2515 | D:4      | Identified the cursed +0 scale mail "Qixyef" {Int+3 Dex+4} (You took it off an orc on level 4 of the Dungeon)
  2546 | D:4      | Killed a phantom
  2757 | D:4      | Found Hoetutu's Gadget Shop.
  2787 | D:4      | Reached skill level 5 in Axes
  2832 | D:4      | Found a blossoming altar of Fedhas.
  2933 | D:4      | Reached XP level 7. HP: 52/52 MP: 7/7
  2977 | D:4      | Found a radiant altar of Vehumet.
  3279 | D:5      | Entered Level 5 of the Dungeon
  3435 | D:5      | Reached skill level 6 in Shields
  3442 | D:5      | Reached XP level 8. HP: 49/58 MP: 8/8
  3488 | D:5      | Found a staircase to the Ecumenical Temple.
  3527 | Temple   | Entered the Ecumenical Temple
  3531 | Temple   | Became a worshipper of Gozag Ym Sagoz the Greedy
  3930 | D:5      | Reached skill level 7 in Axes
  4072 | D:6      | Found a sacrificial altar of Ru.
  4092 | D:6      | Noticed Blork the orc
  4107 | D:6      | Killed Blork the orc
  4127 | D:6      | Noticed Crazy Yiuf
  4132 | D:6      | Killed Crazy Yiuf
  4141 | D:6      | Got an iridescent hammer
  4142 | D:6      | Identified the +10 hammer "Voloa" {drain, Stlth+} (You found it on level 6 of the Dungeon)
  4217 | D:6      | Reached XP level 9. HP: 59/64 MP: 9/9
  4291 | D:6      | Noticed Pikel
  4304 | D:6      | Killed Pikel
  4304 | D:6      | Reached skill level 8 in Axes
  4304 | D:6      | Reached skill level 5 in Dodging
  4397 | D:6      | Noticed Eustachio
  4420 | D:6      | Killed Eustachio
  4437 | D:6      | Reached skill level 9 in Axes
  4621 | D:7      | Noticed Menkaure
  4630 | D:7      | Killed Menkaure
  4887 | D:7      | Reached XP level 10. HP: 68/70 MP: 10/10
  4946 | D:7      | Found a white marble altar of Elyvilon.
  5731 | D:8      | Found an ancient bone altar of Kikubaaqudgha.
  5804 | D:8      | Reached skill level 10 in Axes
  5918 | D:8      | Found a glowing golden altar of the Shining One.
  6398 | D:8      | Reached skill level 11 in Axes
  6862 | D:8      | Found a stormy altar of Qazlal.
  6862 | D:8      | Found a shadowy altar of Dithmenos.
  6976 | D:8      | Found Ruupp's Food Shop.
  6979 | D:8      | Bought a meat ration for 50 gold pieces
  6979 | D:8      | Bought a meat ration for 50 gold pieces
  7210 | D:9      | Found Oham's Jewellery Shoppe.
  7215 | D:9      | Bought an uncursed amulet of faith for 400 gold pieces
  7434 | D:9      | Reached XP level 11. HP: 75/75 MP: 11/11
  7758 | D:10     | Entered Level 10 of the Dungeon
  7768 | D:10     | Reached skill level 10 in Shields
  8024 | D:10     | Found Miarghyd's Antique Armour Shop.
  8040 | D:10     | Bought a runed cloak for 157 gold pieces
  8076 | D:10     | Noticed Maurice
  8093 | D:10     | Killed Maurice
  8260 | D:10     | Noticed Harold
  8287 | D:10     | Killed Harold
  8287 | D:10     | Reached skill level 12 in Axes
  8424 | D:10     | Found Unucopt's Distillery.
  8473 | D:10     | Noticed Psyche
  8481 | D:10     | Killed Psyche
  8636 | D:10     | Found a staircase to the Orcish Mines.
  9129 | D:10     | Bought a distressingly furry scale mail for 315 gold pieces
  9129 | D:10     | Identified a scroll of acquirement
  9148 | D:10     | Identified the +5 scale mail of Greed {Str+3 Int+2 Dex+5} (You bought it in a shop on level 10 of the Dungeon)
  9177 | D:11     | Noticed Gastronok
  9199 | D:11     | Killed Gastronok
  9290 | D:11     | Noticed a manticore
  9305 | D:11     | Killed a manticore
  9399 | D:11     | Noticed Urug
  9408 | D:11     | Killed Urug
  9408 | D:11     | Reached XP level 12. HP: 75/81 MP: 12/12
  9491 | D:11     | Reached skill level 13 in Axes
  9634 | D:11     | Found Pinomneu's Weapon Shop.
  9640 | D:11     | Bought a +3 battleaxe of venom for 272 gold pieces
  9842 | Orc:1    | Entered Level 1 of the Orcish Mines
  9842 | Orc:1    | Found Rism's Book Shop.
 11061 | Orc:3    | Noticed an orc high priest
 11091 | Orc:3    | Noticed a soul eater
 11094 | Orc:3    | Killed an orc high priest
 11144 | Orc:3    | Found a roughly hewn altar of Beogh.
 11250 | Orc:3    | Found a staircase to the Elven Halls.
 11370 | Orc:3    | Found a flagged portal.
 11398 | Bailey   | Entered a bailey
 11626 | Bailey   | Noticed a deep elf knight
 11631 | Bailey   | Killed a deep elf knight
 11816 | Orc:4    | Entered Level 4 of the Orcish Mines
 11821 | Orc:4    | Reached skill level 14 in Axes
 11921 | Orc:4    | Found an iron altar of Okawaru.
 12107 | Orc:4    | Found Cianoshri's General Store.
 12126 | Orc:4    | Noticed an orc warlord
 12156 | Orc:4    | Killed an orc warlord
 12156 | Orc:4    | Reached XP level 13. HP: 21/86 MP: 13/13
 12501 | Orc:4    | Noticed an orc high priest
 12512 | Orc:4    | Killed an orc high priest
 12568 | Orc:4    | Noticed an orc high priest
 12591 | Orc:4    | HP: 2/86 [soul eater/drain life[an orc sorcerer] (18)]
 12950 | Orc:4    | Killed an orc high priest
 12995 | Orc:4    | Noticed an orc high priest
 13228 | Orc:4    | Reached skill level 10 in Dodging
 13236 | Orc:3    | Reached skill level 15 in Axes
 13530 | D:11     | Found a staircase to the Lair.
 13847 | D:12     | Found Deqi's Magic Scroll Shoppe.
 13854 | D:12     | Bought a scroll of enchant armour for 97 gold pieces
 14300 | D:12     | You fall through a shaft!
 14657 | D:12     | Reached XP level 14. HP: 38/93 MP: 14/14
 16037 | D:13     | Found Suomuj's Magic Scroll Emporium.
 16045 | D:13     | Bought a scroll of enchant armour for 97 gold pieces
 16238 | D:13     | Reached skill level 16 in Axes
 16389 | Lair:1   | Entered Level 1 of the Lair of Beasts
 18354 | Lair:2   | Gained mutation: You are partially covered in large bone plates (AC +2, SH +2). [potion of beneficial mutation]
 18627 | Lair:3   | Found a staircase to the Snake Pit.
 18697 | Lair:3   | Gained mutation: You have sharp toenails. [potion of beneficial mutation]
 19194 | Lair:3   | Found a staircase to the Swamp.
 19755 | Lair:4   | Found a staircase to the Swamp.
 20816 | Lair:5   | Reached skill level 17 in Axes
 20881 | Lair:5   | Reached XP level 15. HP: 95/98 MP: 15/15
 21879 | Lair:6   | Found a staircase to the Shoals.
 22203 | Lair:7   | Reached skill level 15 in Shields
 23350 | Lair:8   | Entered Level 8 of the Lair of Beasts
 23407 | Lair:8   | Found a viscous altar of Jiyva.
 23408 | Lair:8   | Found a staircase to the Slime Pits.
 24002 | Lair:8   | Reached skill level 18 in Axes
 24522 | Lair:8   | Reached XP level 16. HP: 72/104 MP: 16/16
 24815 | Lair:8   | Got a pitted ring mail
 24816 | Lair:8   | Identified the +4 ring mail "Kisain Wuxt" {+Fly rElec rC+ Int+2} (You found it on level 8 of the Lair of Beasts)
 26102 | D:9      | Bought the ring of Shaolin {EV+8} for 1280 gold pieces
 26593 | Orc:4    | Found Vupnot's Antique Armour Boutique.
 26594 | Orc:4    | Found Xomoel's Antique Weapon Boutique.
 26595 | Orc:4    | Found Zuidurgh's General Store.
 26595 | Orc:4    | Found Exacesu's Book Shop.
 26599 | Orc:4    | Bought a scroll of brand weapon for 240 gold pieces
 26611 | Orc:4    | Bought a pair of runed gloves for 130 gold pieces
 26611 | Orc:4    | Bought a pair of embroidered gloves for 130 gold pieces
 26737 | Elf:1    | Entered Level 1 of the Elven Halls
 27760 | Elf:1    | Reached skill level 5 in Fighting
 28067 | Elf:2    | Reached skill level 19 in Axes
 28110 | Elf:2    | Found a frozen archway.
 28127 | IceCv    | Entered an ice cave
 28204 | IceCv    | Engulfed by an ice statue's freezing vapour

Action                   |  1- 3 |  4- 6 |  7- 9 | 10-12 | 13-15 | 16-18 || total
-------------------------+-------+-------+-------+-------+-------+-------++-------
Melee: War axe           |   111 |   207 |   194 |    61 |       |       ||   573
       Hammer            |       |       |    96 |   480 |    49 |    15 ||   640
       Battleaxe         |       |       |       |   408 |  1177 |   406 ||  1991
Invok: Call Merchant     |       |       |       |     3 |     2 |     1 ||     6
       Potion Petition   |       |       |       |     2 |     3 |       ||     5
 Abil: Dig               |       |       |       |     1 |       |     2 ||     3
  Use: Scroll            |       |     5 |     4 |     6 |    14 |     7 ||    36
       Potion            |       |       |     1 |    13 |     2 |       ||    16
 Stab: Distracted        |       |       |     1 |     8 |    18 |     4 ||    31
       Invisible         |       |       |       |       |     5 |       ||     5
  Eat: Chunk             |     2 |     5 |     3 |       |       |       ||    10
       Royal jelly       |       |       |     1 |       |    10 |       ||    11
       Fruit             |       |       |     1 |     7 |    12 |       ||    20
       Pizza             |       |       |     1 |     2 |     3 |       ||     6
       Beef jerky        |       |       |       |     7 |     2 |       ||     9
       Bread ration      |       |       |       |     1 |       |     1 ||     2
       Meat ration       |       |       |       |       |     1 |     2 ||     3
